 Dungeon Crawl Stone Soup version 0.28-a0-1447-ga5a8893891 (webtiles) character file.

Game seed: 17011801999641070079

84 shoop the Gusty (level 4, -2/24 HPs)
             Began as a Tengu Air Elementalist on Jan 10, 2022.
             Killed from afar by Ijyb (10 damage)
             ... with an iceblast
             ... on level 2 of the Dungeon.
             The game lasted 00:06:54 (2655 turns).

shoop the Gusty (Tengu Air Elementalist)            Turns: 2655, Time: 00:06:55

Health: -2/24      AC:  3    Str:  8    XL:     4   Next: 45%
Magic:  9/9        EV: 13    Int: 18    God:
Gold:   126        SH:  0    Dex: 20    Spells: 2/8 levels left

rFire   . . .      SeeInvis .   h - +0 spear
rCold   . . .      Faith    .   (no shield)
rNeg    . . .      Spirit   .   a - +0 robe
rPois   .          Reflect  .   (helmet restricted)
rElec   .          Harm     .   (no cloak)
rCorr   .          Rampage  .   i - +0 pair of gloves
Will    .....                   (boots unavailable)
Stlth   ++........              l - amulet of the acrobat
HPRegen 0.08/turn               b - +6 ring of dexterity
MPRegen 0.11/turn               (no ring)

@: no status effects
A: beak, talons 3
a: no special abilities


You were on level 2 of the Dungeon.
You visited 1 branch of the dungeon, and saw 2 of its levels.

You collected 126 gold pieces.

Inventory:

Hand Weapons
 f - a +0 dagger
 h - a +0 spear (weapon)
Armour
 a - a +0 robe (worn)
 i - a +0 pair of gloves (worn)
Jewellery
 b - a +6 ring of dexterity (left hand)
 l - an amulet of the acrobat (around neck)
Scrolls
 c - a scroll of blinking {unknown}
 d - a scroll of brand weapon {unknown}
 g - 2 scrolls of magic mapping {unknown}
 j - a scroll of amnesia {unknown}
 k - a scroll of enchant armour {unknown}
 m - 2 scrolls of identify {unknown}
Potions
 e - a potion of curing {unknown}
 n - a potion of heal wounds {unknown}


   Skills:
 - Level 2.1 Dodging
 - Level 2.0 Stealth
 + Level 2.8 Spellcasting
 - Level 1.3 Conjurations
 * Level 5.8 Air Magic
 + Level 0.8 Poison Magic


You had 2 spell levels left.
You knew the following spells:

 Your Spells              Type           Power      Damage    Failure   Level
a - Shock                 Conj/Air       60%        1d6       3%          1
c - Poisonous Vapours     Pois/Air       28%        N/A       6%          2
s - Swiftness             Air            23%        N/A       4%          3

Your spell library contained the following spells:

 Spells                   Type           Power      Damage    Failure   Level
 Static Discharge         Conj/Air       15%        N/A       6%          2
 Corpse Rot               Necr/Air       26%        N/A       8%          2
 Airstrike                Air            11%        N/A       14%         4


Dungeon Overview and Level Annotations

Branches:
Dungeon (2/15)

Altars:

Shops:
D:1 ?

Annotations:
D:2 Ijyb


Innate Abilities, Weirdness & Mutations

You have a beak for a mouth.
You have claws for feet.


Message History

Casting: Poisonous Vapours (safe; 6% risk of failure)
Confirm with . or Enter, or press ? or * to list all spells.
Aiming: Poisonous Vapours (safe; 6% risk of failure)
Press: ? - help, Dir - move target, f/p - kobold
Aim: a kobold, wielding a +0 short sword Poisonous vapours surround the kobold!
The kobold is poisoned.
Unknown command.
You kill the kobold!
Your magical contamination has completely faded away.
Things that are here:
a +0 short sword; a kobold corpse
There is an open door here.
There is an open door here.
Found 20 stones.
You now have 126 gold pieces (gained 13).
n - a dark potion
g - 2 scrolls labelled ALOEPA PODA (gained 1)
A goblin comes into view. It is wielding a +0 club.
Casting: Poisonous Vapours (safe; 6% risk of failure)
Confirm with . or Enter, or press ? or * to list all spells.
Aiming: Poisonous Vapours (safe; 6% risk of failure)
Press: ? - help, Dir - move target, f - goblin
Aim: a goblin, wielding a +0 club (wandering, hasn't noticed you) Poisonous vapours surround the goblin!
The goblin is poisoned.
You kill the goblin!
Ijyb shouts!
Casting: Poisonous Vapours (safe; 6% risk of failure)
Confirm with . or Enter, or press ? or * to list all spells.
Aiming: Poisonous Vapours (safe; 6% risk of failure)
Press: ? - help, Dir - move target, f - Ijyb
Aim: Ijyb, wielding a +2 dagger of electrocution, wearing a +0 leather armour and carrying a wand of iceblast (10) Poisonous vapours surround Ijyb!
Ijyb is poisoned.
Ijyb zaps a wand.
The mass of ice explodes!
The iceblast engulfs you!!
Ouch! That really hurt!
* * * LOW HITPOINT WARNING * * *
There is an open door here.
Ijyb screams, "Me stronger than you!"
There is a stone staircase leading up here.
Ijyb zaps a wand.
The mass of ice explodes!
The iceblast engulfs you!
You die...

..................##.##.#.#.##.#
..###.##..######..##.##.#.#.##.#
#.###.....######...#.##.#.#.##.#
...##.##................#.#.##.#
#.###.....##............#.#.##.#
#.# #.###.##.#.#...#....#)#.##.#
..# #.# #.##............#.#.##.#
#B###'###.##...##)..#...#.#.##.#
#.#.......##...#@..............#
..#.....................#.####.#
..+.......##........#...#.# #.#
..#.......g.............#.# #.#
..#.......##..............# #.#
..#.......##..##..###...######.##
..###'###.##..##..# #...........#
..###.######..##..###...........#
.......)...)..)..................


You could see Ijyb.

Vanquished Creatures
  3 adders (D:2)
  A dart slug (D:1)
  5 ball pythons
  8 bats
  2 endoplasms (D:2)
  5 giant cockroaches
  7 goblins
  4 hobgoblins
  5 jackals (D:2)
  2 quokkas (D:1)
  A frilled lizard (D:1)
  4 kobolds
  5 rats
52 creatures vanquished.

Notes
Turn   | Place    | Note
-------+----------+-------------------------------------------
     0 | D:1      | shoop the Tengu Air Elementalist began the quest for the
                  | Orb.
     0 | D:1      | Reached XP level 1. HP: 10/10 MP: 4/4
    30 | D:1      | You fall into a shaft and drop 1 floor!
    40 | D:2      | Reached XP level 2. HP: 9/15 MP: 0/6
   494 | D:1      | Found Kaupulai's Magic Scroll Emporium.
   530 | D:1      | Reached skill level 5 in Air Magic
   569 | D:1      | Reached XP level 3. HP: 19/19 MP: 4/7
   604 | D:1      | Learned a level 3 spell: Swiftness
  1072 | D:1      | Learned a level 2 spell: Poisonous Vapours
  1754 | D:2      | Reached XP level 4. HP: 13/24 MP: 1/9
  2432 | D:2      | Noticed Ijyb
  2655 | D:2      | Killed from afar by Ijyb

Illustrated notes

Levels and vault maps discovered:
D:1:      amcnicky_arrival_single_pillar, layout_rooms, serial_shops,
          nicolae_diamond_shop, grunt_decor_fettered
D:2:      kennysheep_the_goblin_king, layout_basic

Skill      XL: |  1  2 |
---------------+-------+-----
Air Magic      | 5 |  5.8
Dodging        | |  2.1
Stealth        | |  2.0
Spellcasting   | |  2.8
Conjurations   | |  1.3
Poison Magic   | |  0.8

Action                   |  1- 3 |  4- 6 || total
-------------------------+-------+-------++-------
Melee: Unarmed           |     4 |       ||     4
       Kick              |     3 |       ||     3
       Spear             |     4 |     1 ||     5
       Dagger            |     1 |       ||     1
 Cast: Shock             |    81 |     1 ||    82
       Poisonous Vapours |     8 |    21 ||    29
Armor: Robe              |     6 |       ||     6
Dodge: Dodged            |    22 |     3 ||    25

Table legend: (Time is in decaauts)
 A = Elapsed time spent in this place.
 B = Non-inter-level travel time spent in this place.
 C = Inter-level travel time spent in this place.
 D = Time resting spent in this place.
 E = Time spent auto-exploring this place.
 F = Levels seen in this place.
 G = Mean time per level.
                   A        B        C        D        E       F      G
               +--------+--------+--------+--------+--------+-----+--------+
         Total |   2654 |   2622 |     32 |    220 |   1931 |   2 | 1327.0 |
       Dungeon |   2654 |   2622 |     32 |    220 |   1931 |   2 | 1327.0 |
               +--------+--------+--------+--------+--------+-----+--------+

Top non-repeatable levels by time:
     D:2: 1614 daAuts
     D:1: 1040 daAuts
